SAAA
ALLOWAY HALBERDS @ TORTOLITA DRUMMERS
09/13/2027
 
TOP OF THE 1ST
Alloway Halberds batting - Pitching for Tortolita Drummers : RHP Jim Unknown
Pitching: RHP Jim Unknown
Batting: RHB Will Hunter 0-0: Ball
1-0: Called Strike
1-1: Called Strike
1-2: DOUBLE (Line Drive, 7LD)
Batting: RHB Jorge López 0-0: Ball
1-0: Foul Ball, location: 2F
1-1: Swinging Strike
1-2: Ground out 6-3 (Groundball, 6)
Batting: RHB Juan Salinas 0-0: Ball
1-0: Ground out 5-3 (Groundball, 56)
Batting: LHB Jorge Flores 0-0: Ball
1-0: Called Strike
1-1: Foul Ball, location: 2F
1-2: Ball
2-2: Ball
3-2: Base on Balls
Batting: RHB Vito Middendorf 0-0: Ball
1-0: Ball
2-0: Ball
3-0: Called Strike
3-1: Ground out 5-3 (Groundball, 56)
Top of the 1st over - 0 run(s), 1 hit(s), 0 error(s), 2 left on base; Alloway 0 - Tortolita 0
BOTTOM OF THE 1ST
Tortolita Drummers batting - Pitching for Alloway Halberds : RHP Orlando De Jesús
Pitching: RHP Orlando De Jesús
Batting: RHB Eddie O'Bryan 0-0: Ball
1-0: SINGLE (Groundball, 6D)
Batting: RHB Ricardo Pacheco 0-0: Ball
1-0: Ball
2-0: Ball
3-0: Base on Balls
Eddie O'Bryan to second
Batting: RHB Enrique Marroquín 0-0: SINGLE (Groundball, 6D)
Eddie O'Bryan to third
Ricardo Pacheco to second
Runner from 3rd tries for Home, SAFE, no throw
Batting: RHB Jesús Cisneros 0-0: SINGLE (Groundball, 6MD)
Ricardo Pacheco to third
Enrique Marroquín to second
Runner from 3rd tries for Home, SAFE, no throw
Batting: RHB Nathan Horton 0-0: Ball
Wild Pitch!
Enrique Marroquín to third
Jesús Cisneros to second
1-0: SINGLE (Line Drive, 78M)
Enrique Marroquín scores
Jesús Cisneros to third
Batting: RHB Gilberto Juárez 0-0: Ball
1-0: Swinging Strike
1-1: Called Strike
1-2: Foul Ball, location: 2F
1-2: Ball
2-2: Strikes out swinging
Batting: RHB Vincent Klein 0-0: Called Strike
0-1: DOUBLE (Line Drive, 8LXD)
Jesús Cisneros scores
Nathan Horton to third
Batting: RHB Sean Godron 0-0: Swinging Strike
0-1: Swinging Strike
0-2: Fly out, F9 (Flyball, 9LM)
Runner from 3rd tags up, SCORES, throw made
Batting: RHB Miguel Canales 0-0: Ball
1-0: Foul Ball, location: 2F
1-1: SINGLE (Flyball, 7LS)
Vincent Klein to third
Batting: RHB Eddie O'Bryan 0-0: Ball
1-0: Foul Ball, location: 2F
1-1: Foul Ball, location: 2F
1-2: Ball
2-2: Ball
Pickoff Throw to First - Error! E1
Vincent Klein scores
Miguel Canales to second
3-2: SINGLE (Flyball, 8LS)
Miguel Canales to third
Miguel Canales scores
Batting: RHB Ricardo Pacheco 0-0: Ball
1-0: Called Strike
1-1: Swinging Strike
Eddie O'Bryan is caught stealing 2nd base
Bottom of the 1st over - 7 run(s), 7 hit(s), 1 error(s), 0 left on base; Alloway 0 - Tortolita 7
TOP OF THE 2ND
Alloway Halberds batting - Pitching for Tortolita Drummers : RHP Jim Unknown
Batting: SHB John Clayton 0-0: Called Strike
0-1: Fly out, F8 (Flyball, 8LD)
Batting: RHB Chi-hyeong Ho 0-0: Ball
1-0: Fly out, F9 (Flyball, 9S)
Batting: RHB Noah Smith 0-0: Ball
1-0: Fly out, F7 (Flyball, 7)
Top of the 2nd over - 0 run(s), 0 hit(s), 0 error(s), 0 left on base; Alloway 0 - Tortolita 7
BOTTOM OF THE 2ND
Tortolita Drummers batting - Pitching for Alloway Halberds : RHP Orlando De Jesús
Batting: RHB Ricardo Pacheco 0-0: Ball
1-0: Ball
2-0: Ball
3-0: Base on Balls
Batting: RHB Enrique Marroquín 0-0: Ball
1-0: Ball
2-0: Foul Ball, location: 2F
2-1: Ball
3-1: SINGLE (Groundball, 6D)
Ricardo Pacheco to second
Batting: RHB Jesús Cisneros 0-0: Called Strike
Ricardo Pacheco steals 3rd base
Enrique Marroquín to second
0-1: Ball
1-1: Called Strike
1-2: Ball
2-2: Ground out 6-3 (Groundball, 6)
Ricardo Pacheco scores
Enrique Marroquín to third
Pitching: RHP Jim Unknown
Batting: RHB Nathan Horton 0-0: Called Strike
0-1: Ball
1-1: Swinging Strike
1-2: Foul Ball, location: 2F
1-2: Ball
2-2: Ground out 5-3 (Groundball, 56S)
Enrique Marroquín scores
Batting: RHB Gilberto Juárez 0-0: Ball
1-0: Fly out, F9 (Flyball, 9LSF)
Bottom of the 2nd over - 2 run(s), 1 hit(s), 0 error(s), 0 left on base; Alloway 0 - Tortolita 9
TOP OF THE 3RD
Alloway Halberds batting - Pitching for Tortolita Drummers : RHP Jim Unknown
Batting: RHB Cisco Hernández 0-0: Fly out, F8 (Flyball, 89M)
Batting: RHB Will Hunter 0-0: Called Strike
0-1: Ball
1-1: Foul Ball, location: 2F
1-2: Strikes out swinging
Batting: RHB Jorge López 0-0: SINGLE (Line Drive, 34)
Batting: RHB Juan Salinas 0-0: Called Strike
Jorge López is caught stealing 2nd base
Top of the 3rd over - 0 run(s), 1 hit(s), 0 error(s), 0 left on base; Alloway 0 - Tortolita 9
BOTTOM OF THE 3RD
Tortolita Drummers batting - Pitching for Alloway Halberds : RHP Jim Unknown
Batting: RHB Vincent Klein 0-0: Called Strike
0-1: Ground out 5-3 (Groundball, 56)
Batting: RHB Sean Godron 0-0: Swinging Strike
0-1: Fly out, F9 (Flyball, 9S)
Batting: RHB Miguel Canales 0-0: SINGLE (Flyball, 78S)
Batting: RHB Eddie O'Bryan 0-0: Called Strike
0-1: Ball
1-1: SINGLE (Line Drive, 78S)
Miguel Canales to second
Batting: RHB Ricardo Pacheco 0-0: Ball
1-0: Ball
2-0: Ball
3-0: Base on Balls
Miguel Canales to third
Eddie O'Bryan to second
Batting: RHB Enrique Marroquín 0-0: Ball
1-0: Foul Ball, location: 2F
1-1: Ball
2-1: Foul Ball, location: 2F
2-2: Fly out, F9 (Flyball, 9S)
Bottom of the 3rd over - 0 run(s), 2 hit(s), 0 error(s), 3 left on base; Alloway 0 - Tortolita 9
TOP OF THE 4TH
Alloway Halberds batting - Pitching for Tortolita Drummers : RHP Jim Unknown
Batting: RHB Juan Salinas 0-0: Ball
1-0: Foul Ball, location: 2F
1-1: Ball
2-1: Ground out 4-3 (Groundball, 4)
Batting: LHB Jorge Flores 0-0: Fly out, F8 (Flyball, 8LS)
Batting: RHB Vito Middendorf 0-0: Ball
1-0: Foul Ball, location: 2F
1-1: Ball
2-1: Ball
3-1: Base on Balls
Batting: SHB John Clayton 0-0: Ball
Vito Middendorf steals 2nd base
1-0: Ball
2-0: Foul Ball, location: 2F
2-1: Fly out, F9 (Flyball, 9)
Top of the 4th over - 0 run(s), 0 hit(s), 0 error(s), 1 left on base; Alloway 0 - Tortolita 9
BOTTOM OF THE 4TH
Tortolita Drummers batting - Pitching for Alloway Halberds : RHP Jim Unknown
Batting: RHB Jesús Cisneros 0-0: Called Strike
0-1: TRIPLE (Flyball, 89D)
Batting: RHB Nathan Horton 0-0: Ball
1-0: SINGLE (Groundball, 4MD)
Jesús Cisneros scores
Batting: RHB Gilberto Juárez 0-0: Fielders Choice at 2nd, 4-6 (Groundball, 4)
Batting: RHB Vincent Klein 0-0: Ball
1-0: 2-RUN HOME RUN (Flyball, 7D), Distance : 368 ft
Batting: RHB Sean Godron 0-0: Called Strike
0-1: Swinging Strike
0-2: Ball
1-2: Ground out 6-3 (Groundball, 6)
Batting: RHB Miguel Canales 0-0: Ball
1-0: Called Strike
1-1: Ball
2-1: Ground out 4-3 (Groundball, 4)
Bottom of the 4th over - 3 run(s), 3 hit(s), 0 error(s), 0 left on base; Alloway 0 - Tortolita 12
TOP OF THE 5TH
Alloway Halberds batting - Pitching for Tortolita Drummers : RHP Jim Unknown
Batting: RHB Chi-hyeong Ho 0-0: Called Strike
0-1: Ball
1-1: SINGLE (Groundball, 56D)
Batting: RHB Noah Smith 0-0: Fly out, F9 (Flyball, 9S)
Batting: RHB Cisco Hernández 0-0: Called Strike
0-1: Ball
1-1: Ball
Chi-hyeong Ho steals 2nd base
2-1: SINGLE (Groundball, 6MD)
Chi-hyeong Ho to third
Runner from 3rd tries for Home, throw and OUT!
Cisco Hernández to second
Batting: RHB Will Hunter 0-0: Ball
1-0: Called Strike
1-1: Ball
2-1: Ball
3-1: Foul Ball, location: 2F
3-2: Fly out, F7 (Line Drive, 78S)
Top of the 5th over - 0 run(s), 2 hit(s), 0 error(s), 1 left on base; Alloway 0 - Tortolita 12
BOTTOM OF THE 5TH
Tortolita Drummers batting - Pitching for Alloway Halberds : RHP Jim Unknown
Batting: RHB Eddie O'Bryan 0-0: Ball
1-0: Ball
2-0: Foul Ball, location: 2F
2-1: Ball
3-1: Base on Balls
Batting: RHB Ricardo Pacheco 0-0: Swinging Strike
0-1: Called Strike
0-2: Strikes out swinging
Batting: RHB Enrique Marroquín 0-0: Called Strike
0-1: 2-RUN HOME RUN (Line Drive, 7D), Distance : 373 ft
Pitching: RHP Rewa Malaki
Batting: RHB Jesús Cisneros 0-0: Ball
1-0: Ball
2-0: DOUBLE (Line Drive, 9LM)
Batting: RHB Nathan Horton 0-0: Ball
1-0: Foul Ball, location: 2F
1-1: Ball
2-1: Called Strike
2-2: Ball
3-2: SINGLE (Flyball, 9LM)
Jesús Cisneros to third
Batting: RHB Gilberto Juárez 0-0: Swinging Strike
0-1: Swinging Strike
0-2: Foul Ball, location: 2F
0-2: Foul Ball, location: 2F
0-2: Ball
1-2: Ball
2-2: Foul Ball, location: 2F
2-2: Ball
3-2: Foul Ball, location: 2F
3-2: Strikes out swinging
Batting: RHB Vincent Klein 0-0: Foul Ball, location: 2F
0-1: Hit by Pitch
Nathan Horton to second
Batting: RHB Sean Godron 0-0: GRAND SLAM HOME RUN (Line Drive, 9D), Distance : 393 ft
Batting: RHB Miguel Canales 0-0: Ball
1-0: Ball
2-0: Foul Ball, location: 2F
2-1: Foul Ball, location: 2F
2-2: SINGLE (Line Drive, 5D)
Pitching: RHP Jim Unknown
Batting: RHB Eddie O'Bryan 0-0: Ball
1-0: Ball
2-0: Called Strike
2-1: Foul Ball, location: 2F
2-2: Foul Ball, location: 2F
2-2: Ball
3-2: Fly out, F8 (Flyball, 8RM)
Bottom of the 5th over - 6 run(s), 5 hit(s), 0 error(s), 1 left on base; Alloway 0 - Tortolita 18
TOP OF THE 6TH
Alloway Halberds batting - Pitching for Tortolita Drummers : RHP Jim Unknown
Batting: RHB Jorge López 0-0: Called Strike
0-1: Ball
1-1: Called Strike
1-2: Ball
2-2: Ball
3-2: Fly out, F8 (Line Drive, 8LM)
Batting: RHB Juan Salinas 0-0: Foul Ball, location: 2F
0-1: Swinging Strike
0-2: Strikes out swinging
Batting: LHB Jorge Flores 0-0: Ball
1-0: Swinging Strike
1-1: Ball
2-1: Called Strike
2-2: Fly out, F8 (Flyball, 8RS)
Top of the 6th over - 0 run(s), 0 hit(s), 0 error(s), 0 left on base; Alloway 0 - Tortolita 18
BOTTOM OF THE 6TH
Tortolita Drummers batting - Pitching for Alloway Halberds : RHP Jim Unknown
Batting: RHB Ricardo Pacheco 0-0: Called Strike
0-1: Foul Ball, location: 2F
0-2: Ball
1-2: Foul Ball, location: 2F
1-2: Fly out, F3 (Flyball, 3D)
Batting: RHB Enrique Marroquín 0-0: Ball
1-0: DOUBLE (Line Drive, 3D)
Batting: RHB Jesús Cisneros 0-0: Swinging Strike
0-1: Ball
1-1: Called Strike
1-2: Foul Ball, location: 2F
1-2: Ground out 6-3 (Groundball, 6)
Enrique Marroquín to third
Pinch Hitting: RHB Carlos Méndez 0-0: Called Strike
0-1: Ball
1-1: Ball
2-1: DOUBLE (Line Drive, 7LM)
Enrique Marroquín scores
Batting: RHB Gilberto Juárez 0-0: Ball
1-0: Ball
2-0: Called Strike
2-1: Ball
3-1: Called Strike
3-2: Strikes out looking
Bottom of the 6th over - 1 run(s), 2 hit(s), 0 error(s), 1 left on base; Alloway 0 - Tortolita 19
TOP OF THE 7TH
Alloway Halberds batting - Pitching for Tortolita Drummers : RHP Jim Unknown
Now at 2B: Francisco Torres
Batting: RHB Vito Middendorf 0-0: Ball
1-0: Ground out 6-3 (Groundball, 4MD)
Batting: SHB John Clayton 0-0: Swinging Strike
0-1: SINGLE (Groundball, 4S) (infield hit)
Batting: RHB Chi-hyeong Ho 0-0: Called Strike
0-1: Called Strike
John Clayton is caught stealing 2nd base
0-2: Foul Ball, location: 2F
0-2: Foul Ball, location: 2F
0-2: SOLO HOME RUN (Flyball, 78XD), Distance : 400 ft
Batting: RHB Noah Smith 0-0: Called Strike
0-1: Ground out 6-3 (Groundball, 6D)
Top of the 7th over - 1 run(s), 2 hit(s), 0 error(s), 0 left on base; Alloway 1 - Tortolita 19
BOTTOM OF THE 7TH
Tortolita Drummers batting - Pitching for Alloway Halberds : RHP Jim Unknown
Batting: RHB Vincent Klein 0-0: Called Strike
0-1: Ground out 4-3 (Groundball, 4)
Pinch Hitting: RHB Vernon Caw 0-0: Ball
1-0: Ball
2-0: Foul Ball, location: 2F
2-1: Foul Ball, location: 2F
2-2: Fly out, F7 (Line Drive, 7)
Batting: RHB Miguel Canales 0-0: Ball
1-0: Swinging Strike
1-1: Ball
2-1: Ball
3-1: SINGLE (Line Drive, 89S)
Batting: RHB Eddie O'Bryan 0-0: Called Strike
Miguel Canales steals 2nd base
0-1: Ball
1-1: Fly out, F9 (Flyball, 9LMF)
Bottom of the 7th over - 0 run(s), 1 hit(s), 0 error(s), 1 left on base; Alloway 1 - Tortolita 19
TOP OF THE 8TH
Alloway Halberds batting - Pitching for Tortolita Drummers : RHP Jim Unknown
Now in CF: Will Brock
Batting: RHB Cisco Hernández 0-0: Ball
1-0: Ball
2-0: Swinging Strike
2-1: Foul Ball, location: 2F
2-2: Strikes out swinging
Batting: RHB Will Hunter 0-0: Swinging Strike
0-1: Ball
1-1: Ball
2-1: Called Strike
2-2: Foul Ball, location: 2F
2-2: Ball
3-2: Foul Ball, location: 2F
3-2: Base on Balls
Batting: RHB Jorge López 0-0: Called Strike
0-1: Called Strike
0-2: Ball
1-2: Strikes out swinging
Batting: RHB Juan Salinas 0-0: Ground out 4-3 (Groundball, 4M)
Top of the 8th over - 0 run(s), 0 hit(s), 0 error(s), 1 left on base; Alloway 1 - Tortolita 19
BOTTOM OF THE 8TH
Tortolita Drummers batting - Pitching for Alloway Halberds : RHP Jim Unknown
Batting: RHB Ricardo Pacheco 0-0: Ball
1-0: Called Strike
1-1: Ball
2-1: Ground out 4-3 (Groundball, 4)
Batting: RHB Enrique Marroquín 0-0: Ball
1-0: Foul Ball, location: 2F
1-1: Ball
2-1: Ball
3-1: Foul Ball, location: 2F
3-2: Foul Ball, location: 2F
3-2: Base on Balls
Pitching: RHP Jim Unknown
Batting: RHB Jesús Cisneros 0-0: Ball
1-0: Called Strike
1-1: Ball
2-1: Foul Ball, location: 2F
2-2: Ball
3-2: Foul Ball, location: 2F
3-2: Strikes out swinging
Batting: RHB Francisco Torres 0-0: Called Strike
0-1: Fly out, F9 (Flyball, 9LM)
Bottom of the 8th over - 0 run(s), 0 hit(s), 0 error(s), 1 left on base; Alloway 1 - Tortolita 19
TOP OF THE 9TH
Alloway Halberds batting - Pitching for Tortolita Drummers : RHP Jim Unknown
Now at C: Jorge González
Pinch Hitting: RHB Jim Unknown 0-0: Ball
1-0: Foul Ball, location: 2F
1-1: Foul Ball, location: 2F
1-2: Foul Ball, location: 2F
1-2: Ball
2-2: SINGLE (Flyball, 8LS)
Pitching: RHP Jim Unknown
Batting: RHB Vito Middendorf 0-0: Called Strike
0-1: Hit by Pitch
Jim Unknown to second
Batting: SHB John Clayton 0-0: Ball
1-0: Foul Ball, location: 2F
1-1: Foul Ball, location: 2F
1-2: Foul Ball, location: 2F
1-2: SINGLE (Groundball, 5D)
Jim Unknown to third
Vito Middendorf to second
Runner from 3rd tries for Home, SAFE, no throw
Batting: RHB Chi-hyeong Ho 0-0: Fielders Choice at 2nd, 5-4 (Groundball, 56)
Vito Middendorf to third
Batting: RHB Noah Smith 0-0: Ball
1-0: Swinging Strike
1-1: Foul Ball, location: 2F
1-2: Ball
Pickoff Throw by Catcher to First - Error! E2
Vito Middendorf scores
Chi-hyeong Ho to second
2-2: Ball
3-2: Base on Balls
Batting: RHB Cisco Hernández 0-0: Called Strike
0-1: Called Strike
0-2: Fly out, F9 (Line Drive, 9)
Runner from 2nd tags up, SAFE at 3rd with throw
Batting: RHB Will Hunter 0-0: Foul Ball, location: 2F
0-1: Called Strike
0-2: Strikes out swinging
Top of the 9th over - 2 run(s), 2 hit(s), 1 error(s), 2 left on base; Alloway 3 - Tortolita 19
Saturday, May 26th, 2018 - OOTP Baseball 17.12 Build 75